Map: Odyssée EC

Players

AliBaBaZ - Winner!

  • Race: Terran Terran
  • League: Gold
  • Spawn Location: 11:00

zidar

  • Race: Zerg Zerg
  • League: Gold
  • Spawn Location: 5:00

VOD

Have the link to the VOD?

Description

Time

  • Played on: June 26, 2017, 11:08 a.m.
  • Length: 3:43
Show
View Real Time Build Order
Export as new Build Order

AliBaBaZ Terran - Winner!

Build Orders:  

Get SALT Encoding   

  12  0:01  SCV  
  13  0:16  Supply Depot  
  13  0:21  SCV  
  14  0:41  Barracks  
  14  0:55  Barracks  
  14  1:07  Barracks  
  14  1:14  SCV  
  15  1:22  Supply Depot  
  15  1:27  SCV  
  15  1:32  Marine  
  17  1:42  Marine  
  18  1:49  Marine  
  19  1:54  Marine  
  19  2:00  Marine  
  21  2:07  Supply Depot  
  21  2:08  SCV  
  22  2:09  Marine  
  22  2:12  Marine  
  24  2:18  Marine  
  25  2:27  Marine  
  26  2:37  Marine, Barracks  
  26  2:42  Marine  
  28  2:57  Marine x2  
  30  3:05  Marine  
  31  3:15  Marine x2  
  32  3:23  Marine  
Show
View Real Time Build Order
Export as new Build Order

zidar Zerg 

Build Orders: Hatch First 

Get SALT Encoding   

  12  0:02  Drone  
  13  0:13  Overlord  
  13  0:18  Drone  
  14  0:32  Drone x2  
  16  0:50  Hatchery  
  16  0:53  Drone  
  16  0:59  Extractor, Drone  
  16  1:18  Spawning Pool  
  15  1:23  Drone  
  16  1:27  Drone  
  16  1:29  Drone  
  18  1:34  Drone  
  19  2:09  Zergling x8  
  23  2:19  Metabolic Boost  
  23  2:20  Roach Warren  
  23  2:21  Queen  
  23  2:48  Zergling x8  
  27  3:04  Spine Crawler  
  26  3:06  Zergling x2  
  26  3:08  Spine Crawler  
  26  3:19  Overlord x2  
Tags
 
League
GoldGold
Matchup
TvZ
Spawn Locations
Cross Positions
Add a new tag
Caveats
  • Supply blocks, unpowered buildings, or Contaminate may cause inaccurate times.
  • Supply counts are checked every 10 seconds.